 Dungeon Crawl Stone Soup version 0.30-a0-1085-g990a428a5c (webtiles) character file.

Game seed: 16524327618571179158

221 cforsyth the Grave Robber (level 5, -1/35 HPs)
             Began as a Mummy Necromancer on Apr 16, 2023.
             Slain by a kobold
             ... wielding a +0 dagger of distortion
              (2 damage)
             ... on level 3 of the Dungeon.
             The game lasted 00:06:06 (3347 turns).

cforsyth the Grave Robber (Mummy Necromancer)       Turns: 3347, Time: 00:06:07

Health: -1/35      AC:  2    Str: 11    XL:     5   Next: 65%
Magic:  0/11       EV: 12    Int: 16    God:
Gold:   139        SH:  0    Dex: 13    Spells: 11/12 levels left

rFire   . . .      SeeInvis .    (no weapon)
rCold   + . .      Faith    +    (no shield)
rNeg    + + +      Spirit   .    a - +0 robe
rPois   ∞          Reflect  .    (no helmet)
rElec   .          Rampage  .    (no cloak)
rCorr   .                        (no gloves)
Will    .....                    (no boots)
Stlth   ++                       (no amulet)
HPRegen 0.25/turn                c - ring of protection from fire
MPRegen 0.12/turn                e - ring of flight

@: flying
A: cold resistance 1, negative energy resistance 3, torment resistance 2, heat
vulnerability 1, in touch with death 1, no potions, faith
a: no special abilities


You were on level 3 of the Dungeon.
You visited 1 branch of the dungeon, and saw 3 of its levels.

You collected 139 gold pieces.

Inventory:

Missiles
 g - a throwing net
Armour
 a - a +0 robe (worn)
Jewellery
 c - a ring of protection from fire (left hand)
 e - a ring of flight (right hand)
 f - a ring of protection from fire
Scrolls
 b - a scroll of vulnerability {unknown}
 d - a scroll of magic mapping
 h - a scroll of identify
 i - a scroll of enchant armour {unknown}
 j - a scroll of amnesia
 l - a scroll of silence {unknown}
 m - a scroll of summoning {unknown}


   Skills:
 + Level 2.7 Dodging
 + Level 3.0 Stealth
 + Level 4.3 Spellcasting
 + Level 4.9 Necromancy


You had 11 spell levels left.
You knew the following spells:

 Your Spells              Type           Power      Damage    Failure   Level
a - Necrotise             Necr           100%       1d9       2%          1

Your spell library contained the following spells:

 Spells                   Type           Power      Damage    Failure   Level
 Vampiric Draining        Necr           28%        2d8       7%          3
 Animate Dead             Necr           28%        N/A       22%         4
 Ensorcelled Hibernation  Hex/Ice        6%         N/A       24%         2
 Passwall                 Tmut/Erth      2%         N/A       24%         2
 Swiftness                Air            3%         N/A       43%         3
 Agony                    Necr           28%        N/A       52%         5


Dungeon Overview and Level Annotations

Branches:
Dungeon (3/15)

Altars:

Shops:
D:2 =   D:3 *

Annotations:
D:3 LobsterGuardian's ghost, amateur OpBr


Innate Abilities, Weirdness & Mutations

You are immune to poison.
Your flesh is cold resistant. (rC+)
You are immune to negative energy. (rN+++)
You are immune to unholy pain and torment.
You are vulnerable to heat. (rF-)
You are in touch with the powers of death.
You do not drink.
You have a special connection with the divine. (Faith)


Message History

Your kobold skeleton barely misses the kobold brigand.
The kobold brigand completely misses your kobold skeleton.
The kobold brigand barely misses your kobold skeleton.
Your kobold skeleton hits the kobold brigand but does no damage.
The kobold brigand throws a curare-tipped dart.
The curare-tipped dart hits your kobold skeleton.
Your kobold skeleton barely misses the kobold brigand.
The kobold brigand throws a curare-tipped dart.
The curare-tipped dart hits your kobold skeleton.
Your kobold skeleton hits the kobold brigand.
The kobold brigand hits your kobold skeleton with a +0 rapier of chaos!
Your kobold skeleton is destroyed!
The kobold brigand hits your kobold skeleton with a +0 rapier of chaos.
Your kobold skeleton is destroyed!
You feel a surge of power!
The kobold brigand writhes in agony.
The kobold brigand hits your kobold skeleton with a +0 rapier of chaos!
Your kobold skeleton is destroyed!
You feel a surge of power!
The kobold brigand writhes in agony.
You feel a surge of power!
The kobold brigand writhes in agony!
You feel a surge of power!
The kobold brigand barely resists.
The kobold brigand hits you with a +0 rapier of chaos.
You feel your power leaking away.
The kobold hits you with a +0 dagger of distortion.
Space warps horribly around you!!
Ouch! That really hurt!
* * * LOW HITPOINT WARNING * * *
You are too injured to fight recklessly!
You are too injured to fight recklessly!
Casting: Necrotise (safe; 2% risk of failure)
Confirm with . or Enter, or press ? or * to list all spells.
Aiming: Necrotise (safe; 2% risk of failure)
Press: ? - help, Shift-Dir - straight line, f/p - kobold brigand
Aim: a kobold brigand, wielding a +0 rapier of chaos and quivering curare-tipped darts (almost dead, chance to affect: 83%)
You feel a surge of power!
The kobold brigand barely resists.
The kobold brigand hits you with a +0 rapier of chaos.
* * * LOW HITPOINT WARNING * * *
The kobold brigand burns you.
* * * LOW HITPOINT WARNING * * *
The kobold hits you with a +0 dagger of distortion.
You die...

#.#.......<.#.#.#
#.#.###.#####.#.#
#.#.........#.#.#
#.#####.###.#.#.#
#...))..###.#.#.#
#######.Z...#.#.####
#.# #.##..#.#....#
#.#####.##..#.#..###
..............?K@#
########.######K##
..............#K#
########..#####K#
#### #..#.###.# ...#
#..#.....# ...#
######...# ...#
##.KK##..# ...#
*#.#.#.#..#


You could see a kobold brigand and 3 kobolds.

Vanquished Creatures
  A scorpion (D:3)
  A sleepcap (D:3)
  Terence (D:3)
  4 adders
  A worm (D:2)
  A dart slug (D:3)
  A bat (D:1)
  4 endoplasms
  4 giant cockroaches (D:2)
  2 goblins
  4 hobgoblins
  4 quokkas
  3 ball pythons
  3 frilled lizards
  5 kobolds
  5 rats
44 creatures vanquished.

Vanquished Creatures (collateral kills)
  Jessica (D:3)
  A dart slug (D:1)
2 creatures vanquished.

Grand Total: 46 creatures vanquished

Notes
Turn   | Place    | Note
-------+----------+-------------------------------------------
     0 | D:1      | cforsyth the Mummy Necromancer began the quest for the Orb.
     0 | D:1      | Reached XP level 1. HP: 13/13 MP: 4/4
   329 | D:1      | Found a faded altar of an unknown god.
   498 | D:1      | Reached XP level 2. HP: 19/19 MP: 2/5
  1175 | D:2      | Gained mutation: You are in touch with the powers of death.
                  | [Mummy growth]
  1175 | D:2      | Reached XP level 3. HP: 24/24 MP: 5/7
  1442 | D:2      | Found Utuj's Jewellery Boutique.
  1668 | D:2      | Identified the +6 dagger of Winter {heavy, rF- rN+++ Str+2
                  | Dex+4}
  2161 | D:3      | Reached XP level 4. HP: 30/30 MP: 2/9
  2298 | D:3      | Found Tohotwuw's General Store.
  2481 | D:3      | Noticed Jessica
  2487 | D:3      | Killed Jessica
  2736 | D:3      | Noticed a scorpion
  2743 | D:3      | Killed a scorpion
  2744 | D:3      | Reached XP level 5. HP: 33/35 MP: 4/11
  2863 | D:3      | Noticed Terence
  2867 | D:3      | Killed Terence
  3157 | D:3      | Found a runed translucent gate.
  3158 | D:3      | Found a runed translucent gate.
  3158 | D:3      | Noticed LobsterGuardian's ghost (amateur OpBr)
  3159 | D:3      | Found a runed translucent gate.
  3347 | D:3      | HP: 1/35 [kobold brigand/+0 rapier of chaos (3)]
  3347 | D:3      | Slain by a kobold

Illustrated notes

Levels and vault maps discovered:
D:1:      evilmike_arrival_plus, layout_basic,
          dreamdust_ecumenical_altar_hidden_monk_grotto
D:2:      layout_loops_corners, serial_shops, shop, nicolae_underground_beach
D:3:      layout_basic, gammafunk_ghost_nasty_kobolds, serial_shops,
          nicolae_shop_waterfront, minmay_misc_feat_alley,
          kennysheep_jessica_study, uniq_terence

Skill      XL: |  1  2  3  4  5 |
---------------+----------------+-----
Spellcasting   | 3 4 |  4.3
Dodging        | 2 |  2.7
Stealth        | 2 3 |  3.0
Necromancy     | |  4.9

Action                     |  1- 3 |  4- 6 || total
---------------------------+-------+-------++-------
  Melee: Unarmed           |     4 |     1 ||     5
   Cast: Necrotise         |    61 |    39 ||   100
    Use: Scroll            |       |     3 ||     3
 Armour: Robe              |     5 |     4 ||     9
  Dodge: Dodged            |    11 |     5 ||    16

Table legend: (Time is in decaauts)
 A = Elapsed time spent in this place.
 B = Non-inter-level travel time spent in this place.
 C = Inter-level travel time spent in this place.
 D = Time resting spent in this place.
 E = Time spent auto-exploring this place.
 F = Levels seen in this place.
 G = Mean time per level.
                   A        B        C        D        E       F      G
               +--------+--------+--------+--------+--------+-----+--------+
         Total |   3345 |   3255 |     90 |      0 |   2815 |   3 | 1115.0 |
       Dungeon |   3345 |   3255 |     90 |      0 |   2815 |   3 | 1115.0 |
               +--------+--------+--------+--------+--------+-----+--------+

Top non-repeatable levels by time:
     D:3: 1284 daAuts
     D:2: 1173 daAuts
     D:1: 887 daAuts
